 Dungeon Crawl Stone Soup version 0.23.2-40-g277498a001 (webtiles) character file.

Game seed: 13635614371748739265

780 OrcJesus the Covert (level 7, 31/31 HPs)
             Began as a Felid Enchanter on Aug 23, 2019.
             Quit the game on level 5 of the Dungeon.
             The game lasted 00:44:03 (10222 turns).

OrcJesus the Covert (Felid Enchanter)              Turns: 10222, Time: 00:44:04

Health: 31/31      AC:  2    Str:  4    XL:     7   Next: 55%
Magic:  11/11      EV: 20    Int: 19    God:
Gold:   267        SH:  0    Dex: 16    Spells: 1/10 levels left
                                        Lives:  0   Deaths: 2

rFire    . . .     SeeInvis +     - Unarmed
rCold    . . .     Gourm    .   (shield unavailable)
rNeg     + . .     Faith    .   (armour unavailable)
rPois    .         Spirit   .   (helmet unavailable)
rElec    .         Reflect  .   (cloak unavailable)
rCorr    .         Harm     .   (gloves unavailable)
MR       +....                  (boots unavailable)
Stlth    ++++++....             (no amulet)
HPRegen  0.10/turn              e - ring of stealth
MPRegen  0.12/turn              o - ring of positive energy

@: quick
A: very small, no armour, no weapons or thrown items, stealth, claws 1, fangs 3,
see invisible, carnivore, speed 1, shaggy fur 2, slow metabolism 1, sharp paws
a: no special abilities


You were on level 5 of the Dungeon.
You were not hungry.

You visited 1 branch of the dungeon, and saw 6 of its levels.
You also visited: Sewer.

You collected 267 gold pieces.

Inventory:

Jewellery
 e - a ring of stealth (left paw)
 o - a ring of positive energy (right paw)
Wands
 q - a wand of digging (5)
Scrolls
 a - 2 scrolls of enchant weapon {unknown}
 c - 2 scrolls of amnesia {unknown}
 d - 2 scrolls of magic mapping
 g - 3 scrolls of remove curse {unknown}
 j - 2 scrolls of enchant armour {unknown}
 n - 3 scrolls of fear
 p - 2 scrolls of random uselessness {unknown}
 s - a scroll of immolation {unknown}
 t - 2 scrolls of fog {unknown}
 u - 6 scrolls of teleportation
 w - a scroll of noise {unknown}
Potions
 f - a potion of brilliance
 h - a potion of might
 i - 2 potions of heal wounds
 l - a potion of agility
 m - 4 potions of curing
 r - 2 potions of magic
 v - a potion of haste
Comestibles
 b - 7 rations


   Skills:
 - Level 3.0 Fighting
 - Level 5.0 Dodging
 + Level 10.9 Stealth
 - Level 6.0 Unarmed Combat
 - Level 2.0 Spellcasting
 - Level 6.0 Hexes
 - Level 2.0 Ice Magic


You had one spell level left.
You knew the following spells:

 Your Spells              Type           Power        Failure   Level  Hunger
a - Ensorcelled Hibernat  Hex/Ice        ###...       4%          2    ###....
c - Confuse               Hex            ####....     4%          3    ###....
z - Dazzling Spray        Conj/Hex       ##....       14%         3    ###....
A - Corona                Hex            ####...      1%          1    #......

Your spell library contained the following spells:

 Spells                   Type           Power        Failure   Level  Hunger
 Tukima's Dance           Hex            ####....     4%          3    ###....


Dungeon Overview and Level Annotations

Branches:
Dungeon (6/15)             Temple (0/1) D:6

Altars:
Dithmenos
Elyvilon
Ru
Vehumet
Wu Jian
Yredelemnul


Innate Abilities, Weirdness & Mutations

You cannot wear armour.
You are incapable of wielding weapons or throwing items.
Your paws allow you to move quietly. (Stealth)
You have sharp claws.
You have razor-sharp teeth.
You have supernaturally acute eyesight. (SInv)
You are carnivorous and can eat meat at any time.
You cover ground quickly.
You are covered in thick fur. (AC +2)
You have a slow metabolism.
Your sharp claws are effective at attacking unaware monsters.


Message History

Confirm with . or Enter, or press ? or * to list all spells.
Aiming: Ensorcelled Hibernation (safe; 4% risk of failure)
Press: ? - help, Shift-Dir - straight line, f/p - orc wizard
Aim: an orc wizard, wielding a +0 dagger and wearing a +1 robe of resistance (heavily wounded, fast, not susceptible)
The orc wizard is unaffected.
The orc wizard hits you but does no damage.
The orc wizard misses you. The orc closely misses you.
Casting: Ensorcelled Hibernation (safe; 4% risk of failure)
Confirm with . or Enter, or press ? or * to list all spells.
Aiming: Ensorcelled Hibernation (safe; 4% risk of failure)
Press: ? - help, Shift-Dir - straight line, f - orc, p - orc wizard
Aim: an orc, wielding a +0 flail and wearing a +0 leather armour (chance to defeat MR: 65%)
The orc resists with significant effort.
The orc wizard casts a spell at you. The magic dart hits you!
You die...
You are now level 7!
You rejoin the land of the living...
Done exploring.
Are you sure you want to abandon this character and quit the game? (Confirm with "yes".)

#.#########.#.# #>#
#.#.######## #.##
#.#[##.....## ...#
#.#.##.#.#..# ..##
#.#.#.......# #.#
##.#.##.#.#..###
#.########..#.##........#
..#.........#...........#
###.######......@.......#
#.# #....#...#.#.#.#..#
#.# #.##..............#
#.# #.######.#.#.#.#..#
###.# #.# ##.........##
#.#.###.#####..#.#.#.#.#
#.#.....##.............#
#.########>....#.#.#.#.#
.........#.............#


There were no monsters in sight!

Vanquished Creatures
  Eustachio (D:4)
  2 phantoms (D:4)
  2 ogres (D:4)
  A centaur (D:5)
  Blork the orc (D:4)
  2 bullfrogs (Sewer)
  2 scorpions
  2 crimson imps
  A centaur zombie (D:6)
  A bullfrog skeleton (D:5)
  2 orc priests
  4 hounds
  Natasha (thrice) (D:4)
  3 worker ants (D:4)
  7 gnolls (D:2)
  10 adders
  5 river rats (Sewer)
  4 oozes
  4 worms
  5 dart slugs
  6 leopard geckos
  18 orcs
  16 ball pythons
  9 giant cockroaches
  3 hobgoblins
  4 jackals
  8 kobolds
  2 quokkas
  7 bats
  8 frilled lizards
  12 goblins
  32 rats
  A fungus (D:4)
188 creatures vanquished.

Notes
Turn   | Place    | Note
-------+----------+-------------------------------------------
     0 | D:1      | OrcJesus the Felid Enchanter began the quest for the Orb.
     0 | D:1      | Reached XP level 1. HP: 7/7 MP: 4/4
   297 | D:1      | Reached skill level 5 in Hexes
   636 | D:1      | Reached XP level 2. HP: 11/11 MP: 4/6
   687 | D:1      | Learned a level 2 spell: Ensorcelled Hibernation
  1327 | D:1      | Reached skill level 1 in Ice Magic
  1656 | D:1      | Reached XP level 3. HP: 14/14 MP: 7/7
  1704 | D:1      | Learned a level 3 spell: Confuse
  2927 | D:2      | Reached skill level 1 in Fighting
  3199 | D:2      | Reached XP level 4. HP: 19/19 MP: 8/8
  3608 | D:2      | Reached skill level 5 in Stealth
  3783 | D:2      | Reached XP level 5. HP: 22/22 MP: 4/9
  3919 | D:2      | Found an ornate altar of the Wu Jian Council.
  3919 | D:2      | Found a sacrificial altar of Ru.
  4693 | D:3      | Reached skill level 6 in Stealth
  5110 | D:3      | Found a basalt altar of Yredelemnul.
  5192 | D:3      | Gained mutation: You are covered in thick fur. (AC +2)
                  | [Felid growth]
  5192 | D:3      | Reached XP level 6. HP: 26/26 MP: 5/10
  5424 | D:3      | Reached skill level 7 in Stealth
  5738 | D:4      | Found a shadowy altar of Dithmenos.
  5747 | D:4      | HP: 2/40 [phantom (5)]
  5754 | D:4      | Slain by a phantom
  5755 | D:4      | Reached XP level 5. HP: -5/34 MP: 5/9
  5846 | D:4      | Noticed an ogre
  5849 | D:4      | Killed an ogre
  5849 | D:4      | Reached XP level 6. HP: 27/27 MP: 10/10
  5912 | D:4      | Found a glowing drain.
  5916 | Sewer    | Entered a sewer
  6305 | Sewer    | Reached skill level 8 in Stealth
  6310 | Sewer    | HP: 2/40 [poisoned by an adder]
  6832 | Sewer    | Reached XP level 7. HP: 14/30 MP: 4/11
  6844 | Sewer    | HP: 2/45 [ball python (1)]
  7221 | D:4      | Reached skill level 9 in Stealth
  7331 | D:4      | Found a white marble altar of Elyvilon.
  7417 | D:4      | Learned a level 3 spell: Dazzling Spray
  7471 | D:4      | Reached skill level 5 in Unarmed Combat
  7593 | D:4      | Noticed Blork the orc
  7596 | D:4      | Killed Blork the orc
  7671 | D:4      | Noticed Natasha
  7675 | D:4      | Noticed Eustachio
  7706 | D:5      | Entered Level 5 of the Dungeon
  7946 | D:4      | Killed Natasha
  7950 | D:4      | Killed Eustachio
  7950 | D:4      | Reached skill level 10 in Stealth
  7950 | D:4      | Reached XP level 8. HP: 26/34 MP: 5/12
  8420 | D:4      | Found a sacrificial altar of Ru.
  8472 | D:4      | Noticed Natasha
  8492 | D:4      | Killed Natasha
  8627 | D:4      | Noticed Natasha
  8643 | D:4      | Killed Natasha
  9005 | D:5      | Reached skill level 5 in Dodging
  9505 | D:5      | Found a radiant altar of Vehumet.
  9881 | D:6      | Found a sand-covered staircase.
 10221 | D:5      | Killed from afar by an orc wizard
 10222 | D:5      | Reached XP level 7. HP: 0/31 MP: 4/11
 10222 | D:5      | Quit the game

Skill      XL: |  1  2  3  4  5  6  7  8 |
---------------+-------------------------+-----
Hexes          | 5 6 |  6.0
Ice Magic      | 1 2 |  2.0
Fighting       | 1 2 3 |  3.0
Unarmed Combat | 2 3 4 5 6 |  6.0
Stealth        | 5 6 8 10 | 10.9
Dodging        | 3 4 5 |  5.0
Spellcasting   | |  2.0

Action                   |  1- 3 |  4- 6 |  7- 9 || total
-------------------------+-------+-------+-------++-------
Melee: Unarmed           |    92 |   261 |   152 ||   505
       Bite              |     9 |    19 |    11 ||    39
       Punch             |       |     2 |     4 ||     6
 Cast: Corona            |     6 |       |       ||     6
       Ensorcelled Hiber |    30 |    59 |    34 ||   123
       Confuse           |       |       |     9 ||     9
       Dazzling Spray    |       |       |     1 ||     1
  Use: Potion            |       |     5 |     2 ||     7
       Scroll            |       |       |     7 ||     7
 Stab: Sleeping          |    22 |    50 |    27 ||    99
       Distracted        |       |     1 |       ||     1
       Confused          |       |       |     4 ||     4
  Eat: Chunk             |    12 |    18 |     9 ||    39
Armor: Skin              |     9 |    32 |    15 ||    56
Dodge: Dodged            |    89 |   306 |   139 ||   534
